 Dungeon Crawl Stone Soup version 0.21-a0-496-g696f58f (webtiles) character file.

62 lauthentik the Conjurer (level 3, -1/27 HPs)
             Began as a Draconian Conjurer on Nov 23, 2017.
             Slain by an iguana (14 damage)
             ... on level 3 of the Dungeon.
             The game lasted 00:04:43 (1376 turns).

lauthentik the Conjurer (Draconian Conjurer)        Turns: 1376, Time: 00:04:44

Health: -1/27      AC:  5    Str: 10    XL:     3   Next: 85%
Magic:  1/6        EV: 12    Int: 16    God:
Gold:   165        SH:  0    Dex: 11    Spells: 2/6 levels left

rFire    . . .     SeeInvis .   e - +0 short sword
rCold    . . .     Gourm    .   (no shield)
rNeg     . . .     Faith    .   (armour unavailable)
rPois    .         Spirit   .   (helmet restricted)
rElec    .         Reflect  .   (no cloak)
rCorr    .         Harm     .   (no gloves)
MR       .....                  (no boots)
Stlth    ++........             (no amulet)
HPRegen  0.09/turn              (no ring)
MPRegen  0.10/turn              (no ring)

@: very slightly contaminated
A: unfitting armour, cold-blooded, AC +5
a: no special abilities


You were on level 3 of the Dungeon.
You were not hungry.

You visited 1 branch of the dungeon, and saw 3 of its levels.

You collected 165 gold pieces.

Inventory:

Hand Weapons
 e - a +0 short sword (weapon)
Scrolls
 c - 3 scrolls of identify {unknown}
 g - 2 scrolls of amnesia
 k - a scroll of teleportation {unknown}
 l - a scroll of enchant weapon
 n - a scroll of fog {unknown}
Potions
 f - a potion of agility {unknown}
 h - a potion of lignification {unknown}
 i - 3 potions of curing {unknown}
 m - a potion of ambrosia {unknown}
Books
 a - a book of Conjurations

   Spells                             Type                      Level
   a - Magic Dart                     Conjuration                  1
   b - Searing Ray                    Conjuration                  2
   c - Dazzling Spray                 Conjuration/Hexes            3
   d - Fulminant Prism                Conjuration/Hexes            4
   e - Force Lance                    Conjuration/Translocation    4
   f - Iskenderun's Mystic Blast      Conjuration                  4
Comestibles
 b - 2 bread rations
 d - 3 fruits
 j - 4 chunks of flesh


   Skills:
 + Level 0.5 Fighting
 + Level 1.0 Short Blades
 + Level 2.1 Dodging
 + Level 2.0 Stealth
 + Level 2.2 Spellcasting
 + Level 4.8 Conjurations


You had 2 spell levels left.
You knew the following spells:

 Your Spells              Type           Power        Failure   Level  Hunger
a - Magic Dart            Conj           ###.         2%          1    #......
b - Dazzling Spray        Conj/Hex       #.....       22%         3    ###....


Dungeon Overview and Level Annotations

Branches:
Dungeon (3/15)

Altars:
Fedhas
Makhleb


Innate Abilities, Weirdness & Mutations

Your plain brown scales are hard. (AC +5)
You cannot fit into any form of body armour.
You are cold-blooded and may be slowed by cold attacks.


Message History

The iguana is moderately wounded.
The iguana bites you!
Casting: Magic Dart
Confirm with . or Enter, or press ? or * to list all spells.
Aiming: Magic Dart
Press: ? - help, Shift-Dir - straight line, f/p - iguana
Aim: an iguana (moderately wounded)
The magic dart hits the iguana.
The iguana is heavily wounded.
The iguana closely misses you.
Casting: Magic Dart
Confirm with . or Enter, or press ? or * to list all spells.
Aiming: Magic Dart
Press: ? - help, Shift-Dir - straight line, f/p - iguana
Aim: an iguana (heavily wounded)
The magic dart hits the iguana.
The iguana is heavily wounded.
The iguana bites you!
Ouch! That really hurt!
You die...

#. . #. .. #. .b# #.##
...# #..# ....#
#######.###.....#
.........@l.....#
##############.###.....#
...........###.### ##...
#########........# #
#.###.#..# #.PP..#..#
#PP...##.#


#PP_PP# .# .P.PPP...# You could see an iguana and a bat.

Vanquished Creatures
  2 adders
  2 worms
  2 dart slugs (D:1)
  3 giant cockroaches
  2 goblins
  A hobgoblin (D:3)
  4 jackals (D:2)
  5 kobolds
  4 bats
  A frilled lizard (D:2)
  9 rats
35 creatures vanquished.

Notes
Turn   | Place    | Note
-------+----------+-------------------------------------------
     0 | D:1      | lauthentik the Draconian Conjurer began the quest for the Orb.
     0 | D:1      | Reached XP level 1. HP: 14/14 MP: 3/3
   200 | D:1      | Reached XP level 2. HP: 17/20 MP: 0/5
   788 | D:2      | Reached XP level 3. HP: 15/26 MP: 0/6
   844 | D:2      | Learned a level 3 spell: Dazzling Spray
  1103 | D:2      | Found a burning altar of Makhleb.
  1237 | D:3      | Reached skill level 1 in Short Blades
  1353 | D:3      | Found a blossoming altar of Fedhas.
  1376 | D:3      | Slain by an iguana

Vault maps used:
D:1:      dpeg_arrival_rooms_b
D:2:      lemuel_coloured_pillars_altar
D:3:      fedhas_altar_3

Skill      XL: |  1  2  3 |
---------------+----------+-----
Stealth        | 2 |  2.0
Dodging        | 2 |  2.1
Short Blades   | 1 |  1.0
Fighting       | |  0.5
Spellcasting   | |  2.2
Conjurations   | |  4.8

Action                   || total
-------------------------++-------
Melee: Short sword       ||    74
       Tailslap          ||    11
       Unarmed           ||     2
 Cast: Magic Dart        ||    61
  Use: Scroll            ||     4
  Eat: Chunk             ||     3
Armor: Skin              ||    29
Dodge: Dodged            ||    54

Table legend:
 A = Spawn XP
 B = Non-spawn XP
 C = Spawn XP percentage of total XP
 D = Spawn monster count
 E = Non-spawn monster count
 F = Spawn count percentage of total count
 G = Total turns spent on level
                    A         B        C        D         E        F      G
               +---------+---------+-------+---------+---------+-------+---------
         Total |       0 |      89 |   0.0 |       0 |      35 |   0.0 |  1376
               +---------+---------+-------+---------+---------+-------+---------
           D:1 |       0 |      23 |   0.0 |       0 |      13 |   0.0 |   518
           D:2 |       0 |      41 |   0.0 |       0 |      17 |   0.0 |   682
           D:3 |       0 |      25 |   0.0 |       0 |       5 |   0.0 |   176
               +---------+---------+-------+---------+---------+-------+---------
